 Dungeon Crawl Stone Soup version 0.27-a0-550-ge92ec0ca06 (webtiles) character file.

Game seed: 2922552080542962659

567 jestyr24 the Conjurer (level 7, 0/45 HPs)
             Began as a Gnoll Conjurer on Mar 8, 2021.
             Was a Follower of Hepliaklqana.
             Slain by a leopard gecko (2 damage)
             ... on level 4 of the Dungeon.
             The game lasted 00:17:12 (4110 turns).

jestyr24 the Conjurer (Gnoll Conjurer)              Turns: 4110, Time: 00:17:12

Health: 0/45       AC:  3    Str:  6    XL:     7   Next: 33%
Magic:  15/15      EV: 13    Int: 19    God:    Hepliaklqana [*.....]
Gold:   247        SH:  0    Dex: 11    Spells: 14/17 levels left

rFire    . . .     SeeInvis .   c - +1 whip (flame)
rCold    . . .     Faith    .   (no shield)
rNeg     + . .     Spirit   .   a - +0 robe
rPois    .         Reflect  .   (no helmet)
rElec    .         Harm     .   e - scarf {+Inv}
rCorr    .         Rampage  .   r - +0 pair of gloves
Will     .....                  (no boots)
Stlth    +++.......             (no amulet)
HPRegen  0.15/turn              q - ring of positive energy
MPRegen  0.14/turn              (no ring)

@: no status effects
A: reduced essence, fangs 1, strong nose, distributed training
a: Renounce Religion, Evoke Invisibility, Recall Ancestor, Ancestor Identity


You were on level 4 of the Dungeon.
You worshipped Hepliaklqana.
Hepliaklqana was aware of your devotion.
You visited 2 branches of the dungeon, and saw 5 of its levels.

You collected 247 gold pieces.

Inventory:

Hand Weapons
 c - a +1 whip of flaming (weapon)
Missiles
 h - 4 poisoned darts
Armour
 a - a +0 robe (worn)
 e - a scarf of invisibility (worn)
 r - a +0 pair of gloves (worn)
Jewellery
 q - a ring of positive energy (left hand)
Wands
 w - a wand of polymorph (3)
 x - a wand of digging (3)
Scrolls
 f - 4 scrolls of teleportation {unknown}
 j - a scroll of amnesia {unknown}
 k - 2 scrolls of enchant weapon {unknown}
 l - a scroll of identify {unknown}
 n - 2 scrolls of fog {unknown}
 o - a scroll of magic mapping {unknown}
 t - a scroll of fear {unknown}
 u - a scroll of noise {unknown}
Potions
 b - a potion of might {unknown}
 d - a potion of curing {unknown}
 g - a potion of degeneration {unknown}
 i - a potion of cancellation {unknown}
 m - a potion of attraction {unknown}
 p - a potion of heal wounds {unknown}
 s - 3 potions of lignification {unknown}
 v - a potion of flight {unknown}


   Skills:
 + Level 2.4 Fighting
 + Level 2.4 Short Blades
 + Level 2.4 Long Blades
 + Level 2.4 Axes
 + Level 2.4 Maces & Flails
 + Level 2.4 Polearms
 + Level 2.4 Staves
 + Level 2.4 Slings
 + Level 2.4 Bows
 + Level 2.4 Crossbows
 + Level 2.4 Throwing
 + Level 2.4 Armour
 + Level 5.2 Dodging
 + Level 4.9 Stealth
 + Level 2.4 Shields
 + Level 2.4 Unarmed Combat
 + Level 5.6 Spellcasting
 + Level 7.4 Conjurations
 + Level 2.0 Hexes
 + Level 2.0 Summonings
 + Level 2.0 Necromancy
 + Level 2.0 Translocations
 + Level 2.0 Transmutations
 + Level 2.0 Fire Magic
 + Level 2.0 Ice Magic
 + Level 2.0 Air Magic
 + Level 2.0 Earth Magic
 + Level 2.0 Poison Magic
 + Level 2.7 Invocations
 + Level 2.4 Evocations


You had 14 spell levels left.
You knew the following spells:

 Your Spells              Type           Power      Damage    Failure   Level
a - Magic Dart            Conj           100%       1d8       1%          1
b - Searing Ray           Conj           66%        3d5       1%          2

Your spell library contained the following spells:

 Spells                   Type           Power      Damage    Failure   Level
 Dazzling Flash           Conj/Hex       46%        N/A       4%          3
 Fulminant Prism          Conj/Hex       11%        3d9       17%         4
 Iskenderun's Mystic Bla  Conj/Tloc      23%        2d6       17%         4


Dungeon Overview and Level Annotations

Branches:
Dungeon (4/15)             Temple (1/1) D:4

Altars:
Cheibriados
Elyvilon
Fedhas
Gozag
Hepliaklqana
Nemelex Xobeh
Qazlal
Ru
Sif Muna
Trog
Uskayaw
Vehumet
Zin
The Shining One

Annotations:
D:4 Demosthentine's ghost, novice MfGl


Innate Abilities, Weirdness & Mutations

You have very sharp teeth.
Your uncanny sense of smell can sniff out nearby items.
Your experience applies equally to all skills.
Your life essence is reduced to manifest your ancestor. (-10% HP)


Message History

You kill the river rat!
You barely miss the worm. Your bite misses the worm.
Synth hits the worm.
You barely miss the worm.
The worm is moderately wounded.
Synth hits the worm.
You hit the worm. You burn the worm. You bite the worm, but do no damage.
The worm is severely wounded.
Synth hits the worm.
The worm barely misses you.
You barely miss the worm.
The worm is severely wounded.
Synth hits the worm.
The worm dies!
You barely miss Demosthentine's ghost.
Synth completely misses Demosthentine's ghost.
Demosthentine's ghost hits you!
You closely miss Demosthentine's ghost.
Synth barely misses Demosthentine's ghost.
Demosthentine's ghost hits you!
* * * LOW HITPOINT WARNING * * *
You hit Demosthentine's ghost. You burn Demosthentine's ghost.
You bite Demosthentine's ghost, but do no damage.
Demosthentine's ghost is lightly damaged.
Synth misses Demosthentine's ghost.
Demosthentine's ghost wails.
Demosthentine's ghost hits you.
* * * LOW HITPOINT WARNING * * *
Synth hits Demosthentine's ghost.
Okay, then.
Synth misses Demosthentine's ghost.
The leopard gecko bites Synth.
The leopard gecko bites you but does no damage.
The leopard gecko barely misses you.
You hit Demosthentine's ghost. You burn Demosthentine's ghost.
Demosthentine's ghost is moderately damaged.
Demosthentine's ghost hits you.
* * * LOW HITPOINT WARNING * * *
The leopard gecko bites you but does no damage.
Synth completely misses Demosthentine's ghost.
The leopard gecko bites you.
You die...

##.....## #.##
##.......## #.#
#.........######.##
#.................#
#.........######..#
##.......## #<..
##W....## #.##
#.#R..#.# #.##
#@l###..# ##.##
#.#.#.#.# ##...#
#.##.##.# ##.###.
#.##.# .# #.## ##
#.##.##.# #.# #
#.##....# #.## ##
#.##....# ##.###.
#.###†### ##...#
#≈≈≈# ####.


You could see the friendly Synth the ancestor, Demosthentine's ghost (ally
target) and a leopard gecko.

Vanquished Creatures
  A bullfrog (D:4)
  A scorpion (D:4)
  A howler monkey (D:4)
  A hound (D:4)
  A gnoll shaman (D:3)
  Natasha (twice) (D:4)
  An iguana (D:3)
  9 gnolls
  5 adders
  A river rat (D:4)
  An ooze (D:1)
  2 leopard geckos (D:3)
  An orc (D:3)
  17 bats
  9 giant cockroaches
  7 goblins
  8 hobgoblins
  5 jackals
  2 quokkas (D:2)
  A ball python (D:2)
  5 frilled lizards
  9 kobolds
  9 rats
99 creatures vanquished.

Vanquished Creatures (collateral kills)
  Natasha (D:4)
  A hound skeleton (D:4)
  A gnoll (D:4)
  A worm (D:4)
  An adder skeleton (D:4)
  A leopard gecko (D:4)
6 creatures vanquished.

Vanquished Creatures (others)
  4 plants (D:3)
4 creatures vanquished.

Grand Total: 109 creatures vanquished

Notes
Turn   | Place    | Note
-------+----------+-------------------------------------------
     0 | D:1      | jestyr24 the Gnoll Conjurer began the quest for the Orb.
     0 | D:1      | Reached XP level 1. HP: 13/13 MP: 6/6
     0 | D:1      | Noticed a spriggan
     8 | D:1      | Noticed a felid
    11 | D:1      | Noticed a centaur
    13 | D:1      | Noticed an elf
    17 | D:1      | Noticed a human
    17 | D:1      | Noticed an elf
    19 | D:1      | Noticed a gargoyle
   200 | D:1      | Reached XP level 2. HP: 20/20 MP: 3/7
   403 | D:1      | Reached XP level 3. HP: 19/25 MP: 9/9
   414 | D:1      | Reached skill level 5 in Spellcasting
   660 | D:1      | Learned a level 2 spell: Searing Ray
   949 | D:1      | Reached skill level 1 in Invocations
  1446 | D:2      | Reached skill level 1 in Fighting
  1446 | D:2      | Reached skill level 1 in Short Blades
  1446 | D:2      | Reached skill level 1 in Long Blades
  1446 | D:2      | Reached skill level 1 in Axes
  1446 | D:2      | Reached skill level 1 in Maces & Flails
  1446 | D:2      | Reached skill level 1 in Polearms
  1446 | D:2      | Reached skill level 1 in Staves
  1446 | D:2      | Reached skill level 1 in Slings
  1446 | D:2      | Reached skill level 1 in Bows
  1446 | D:2      | Reached skill level 1 in Crossbows
  1446 | D:2      | Reached skill level 1 in Throwing
  1446 | D:2      | Reached skill level 1 in Armour
  1446 | D:2      | Reached skill level 1 in Shields
  1446 | D:2      | Reached skill level 1 in Unarmed Combat
  1446 | D:2      | Reached skill level 1 in Evocations
  1449 | D:2      | Reached XP level 4. HP: 32/32 MP: 3/11
  1732 | D:2      | Found a blossoming altar of Fedhas.
  1917 | D:2      | Reached skill level 1 in Hexes
  1917 | D:2      | Reached skill level 1 in Summonings
  1917 | D:2      | Reached skill level 1 in Necromancy
  1917 | D:2      | Reached skill level 1 in Translocations
  1917 | D:2      | Reached skill level 1 in Transmutations
  1917 | D:2      | Reached skill level 1 in Fire Magic
  1917 | D:2      | Reached skill level 1 in Ice Magic
  1917 | D:2      | Reached skill level 1 in Air Magic
  1917 | D:2      | Reached skill level 1 in Earth Magic
  1917 | D:2      | Reached skill level 1 in Poison Magic
  2422 | D:3      | Reached XP level 5. HP: 20/37 MP: 8/12
  2972 | D:3      | Reached XP level 6. HP: 40/44 MP: 6/13
  3490 | D:3      | Found a faded altar of an unknown god.
  3506 | D:3      | Became a worshipper of Hepliaklqana the Forgotten
  3506 | D:3      | Reached * piety under Hepliaklqana
  3610 | D:4      | Noticed Natasha
  3616 | D:4      | Killed Natasha
  3661 | D:4      | Reached skill level 5 in Dodging
  3666 | D:4      | Noticed Natasha
  3688 | D:4      | Killed Natasha
  3801 | D:4      | Noticed Natasha
  3806 | D:4      | Killed Natasha
  3896 | D:4      | Found a staircase to the Ecumenical Temple.
  3904 | D:4      | Reached XP level 7. HP: 41/45 MP: 12/15
  3935 | Temple   | Entered the Ecumenical Temple
  4072 | D:4      | Found a runed translucent door.
  4075 | D:4      | Noticed Demosthentine's ghost (novice MfGl)
  4097 | D:4      | HP: 1/45 [Demosthentine's ghost (6)]
  4109 | D:4      | HP: 2/45 [Demosthentine's ghost (1)]
  4110 | D:4      | Slain by a leopard gecko

Illustrated notes

Levels and vault maps discovered:
D:1:      shiori_arrival_whats_in_store_for_you, layout_loops_ring,
          hangedman_decor_push, kennysheep_flooded_box
D:2:      layout_rooms, marbit_many_paths
D:3:      layout_basic, chequers_ecumenical_altar_lobes
D:4:      layout_loops_ring, minmay_temple_entry_tees, ebering_ghost_sewer_f,
          uniq_natasha, uniq_eustachio
Temple:   nicolae_temple_x_marks_the_god

Skill      XL: |  1  2  3  4  5  6  7 |
---------------+----------------------+-----
Spellcasting   | 5 |  5.6
Invocations    | 1 2 |  2.7
Fighting       | 1 2 |  2.4
Short Blades   | 1 2 |  2.4
Long Blades    | 1 2 |  2.4
Axes           | 1 2 |  2.4
Maces & Flails | 1 2 |  2.4
Polearms       | 1 2 |  2.4
Staves         | 1 2 |  2.4
Slings         | 1 2 |  2.4
Bows           | 1 2 |  2.4
Crossbows      | 1 2 |  2.4
Throwing       | 1 2 |  2.4
Armour         | 1 2 |  2.4
Shields        | 1 2 |  2.4
Unarmed Combat | 1 2 |  2.4
Evocations     | 1 2 |  2.4
Hexes          | 1 2 |  2.0
Summonings     | 1 2 |  2.0
Necromancy     | 1 2 |  2.0
Translocations | 1 2 |  2.0
Transmutations | 1 2 |  2.0
Fire Magic     | 1 2 |  2.0
Ice Magic      | 1 2 |  2.0
Air Magic      | 1 2 |  2.0
Earth Magic    | 1 2 |  2.0
Poison Magic   | 1 2 |  2.0
Dodging        | 5 |  5.2
Stealth        | |  4.9
Conjurations   | |  7.4

Action                   |  1- 3 |  4- 6 |  7- 9 || total
-------------------------+-------+-------+-------++-------
Melee: Unarmed           |     1 |       |       ||     1
       Whip              |    55 |    70 |    27 ||   152
       Bite              |     1 |     2 |     3 ||     6
 Cast: Magic Dart        |    29 |    37 |       ||    66
       Searing Ray       |     1 |    17 |       ||    18
Invok: Ancestor Identity |       |     1 |       ||     1
 Stab: Sleeping          |     2 |     8 |       ||    10
       Distracted        |       |     1 |       ||     1
Armor: Robe              |    20 |    19 |     4 ||    43
Dodge: Dodged            |    50 |    68 |    10 ||   128

Table legend: (Time is in decaauts)
 A = Elapsed time spent in this place.
 B = Non-inter-level travel time spent in this place.
 C = Inter-level travel time spent in this place.
 D = Time resting spent in this place.
 E = Time spent auto-exploring this place.
 F = Levels seen in this place.
 G = Mean time per level.
                   A        B        C        D        E       F      G
               +--------+--------+--------+--------+--------+-----+--------+
         Total |   4133 |   3987 |    146 |    903 |   2139 |   5 |  826.6 |
       Dungeon |   4039 |   3901 |    138 |    903 |   2055 |   4 | 1009.8 |
        Temple |     93 |     85 |      8 |      0 |     84 |   1 |   93.0 |
               +--------+--------+--------+--------+--------+-----+--------+

Top non-repeatable levels by time:
     D:1: 1273 daAuts
     D:2: 1133 daAuts
     D:3: 1131 daAuts
     D:4: 501 daAuts
  Temple: 93 daAuts
